AoeStats
← jorge_luis_sh

Yucatan

510905508Analyzed
3v3 RM · 9h ago on Oct 3, 2026· 63m 13s· 6 players
Game mode
Random Map
Map size
Normal (6 player)
Population
200
Speed
Normal
Resources
Standard
Victory
Conquest
Starting age
Dark Age
Ending age
Imperial Age
RankedLock teamsTeams togetherTeam positionsShared explorationLock speedFull tech treeHidden civsTurbo modeCheats
Victory
Defeat
🇨🇱 Japanese · Chile
954
+12
🇲🇽 Lithuanians · Mexico
917
+14
🇦🇷 Koreans · Argentina
899
+14
🇺🇸 Byzantines · United States
951
-16
🇺🇸 Armenians · United States
856
-13
🇺🇸 Romans · United States
792
-11
jorge_luis_sh
0:27 Loom
13:46 Feudal Age
15:11 Wheelbarrow
14:24 Double-Bit Axe
14:34 Fishing Lines
16:29 Gold Mining
20:28 Castle Age
22:42 Bow Saw
22:54 Fervor
23:07 Husbandry
23:17 Bloodlines
23:57 Hand Cart
23:52 Town Watch
28:29 Fletching
28:49 Forging
28:24 Horse Collar
29:39 Gillnets
31:20 Iron Casting
30:51 Scale Barding Armor
31:30 Bodkin Arrow
32:16 Heavy Plow
32:42 Herbal Medicine
35:14 Hill Forts
35:29 Murder Holes
35:19 Treadmill Crane
35:49 Masonry
37:03 Chain Barding Armor
36:57 Scale Mail Armor
40:01 Imperial Age
37:39 Town Patrol
38:07 Caravan
38:23 Stone Mining
39:31 Coinage
38:38 Pikeman
39:18 Squires
39:05 Arson
39:21 Padded Archer Armor
39:38 Chain Mail Armor
39:46 Ballistics
41:11 Leather Archer Armor
40:48 Guard Tower
41:32 Architecture
42:03 Chemistry
40:27 Halberdier
41:39 Bracer
42:15 Plate Barding Armor
41:04 Cavalier
42:38 Crop Rotation
43:13 Two-Man Saw
43:03 Ring Archer Armor
43:37 Banking
43:20 Tower Shields
43:31 Onager
43:36 Elite Skirmisher
45:36 Thumb Ring
46:41 Paladin
46:44 Light Cavalry
47:57 Capped Ram
49:12 Stone Shaft Mining
51:27 Winged Hussar
52:27 Conscription
51:27 Elite Leitis
54:08 Bombard Tower
54:24 Keep
54:00 Fortified Wall
56:44 Clinker Construction
56:45 Careening
57:14 Redemption
57:20 Block Printing
57:31 Illumination
57:42 Theocracy
59:50 Dry Dock
59:50 Carvel Hull
58:52 Crossbowman
58:53 Heavy Cavalry Archer
60:32 Heresy
60:44 Atonement
63:02 Devotion
63:22 Sanctity
<Jericho 941>
0:29 Loom
12:27 Feudal Age
12:36 Man-at-Arms
13:29 Gold Mining
16:33 Forging
16:24 Scale Mail Armor
18:14 Stone Mining
20:37 Arson
24:07 Castle Age
22:01 Horse Collar
23:32 Fletching
25:55 Double-Bit Axe
27:34 Wheelbarrow
27:51 Town Watch
31:27 Squires
31:34 Long Swordsman
33:09 Gambesons
35:23 Iron Casting
35:04 Chain Mail Armor
35:13 Chain Mail Armor
39:01 Padded Archer Armor
40:37 Bow Saw
43:53 Hand Cart
43:41 Town Patrol
45:44 Thumb Ring
48:24 Imperial Age
45:21 Elite Skirmisher
46:11 Heavy Plow
46:15 Bodkin Arrow
46:35 Leather Archer Armor
49:10 Gold Shaft Mining
49:27 Ballistics
49:03 Murder Holes
50:09 Chemistry
49:33 Conscription
48:40 Elite Samurai
50:13 Plate Mail Armor
50:54 Blast Furnace
51:16 Two-Man Saw
51:27 Siege Engineers
51:56 Bracer
52:26 Ring Archer Armor
55:11 Masonry
56:03 Capped Ram
60:43 Ring Archer Armor
60:52 Hoardings
60:43 Kataparuto
SherlockLopez Arg.
1:04 Loom
13:00 Feudal Age
13:37 Gold Mining
13:35 Double-Bit Axe
19:17 Stone Mining
19:11 Horse Collar
24:36 Castle Age
23:12 Wheelbarrow
22:33 Fletching
22:54 Forging
24:13 Scale Barding Armor
34:16 Wheelbarrow
36:08 Bow Saw
36:04 Heavy Plow
41:06 Hand Cart
48:02 Imperial Age
47:11 Caravan
47:46 Treadmill Crane
48:02 Murder Holes
49:22 Conscription
49:09 Scale Mail Armor
50:54 Chemistry
50:38 Fortified Wall
50:43 Elite War Wagon
51:34 Eupseong
52:13 Iron Casting
51:59 Chain Barding Armor
53:41 Two-Man Saw
53:10 Guilds
54:49 Gold Shaft Mining
54:52 Stone Shaft Mining
53:49 Heavy Rocket Cart
55:30 Bodkin Arrow
55:53 Chain Mail Armor
56:15 Siege Engineers
56:31 Ballistics
55:36 Elite Skirmisher
58:08 Shinkichon
58:23 Bracer
59:15 Husbandry
59:49 Plate Mail Armor
62:00 Town Watch
62:23 Thumb Ring
62:21 Squires
62:07 Arson
61:43 Pikeman
62:50 Arrowslits
63:16 Masonry
myaccnts117
2:45 Loom
11:32 Feudal Age
13:55 Wheelbarrow
13:12 Double-Bit Axe
14:42 Man-at-Arms
15:42 Arson
16:05 Long Swordsman
17:41 Scale Mail Armor
17:54 Forging
18:36 Town Watch
31:03 Castle Age
30:52 Pikeman
34:40 Fervor
34:53 Sanctity
34:20 Two-Handed Swordsman
34:46 Gambesons
35:02 Squires
36:33 Halberdier
39:53 Bow Saw
39:34 Gold Mining
43:36 Iron Casting
43:17 Chain Mail Armor
47:20 Imperial Age
48:23 Padded Archer Armor
48:14 Fletching
47:57 Capped Ram
49:02 Fereters
49:20 Conscription
50:57 Plate Mail Armor
51:28 Blast Furnace
50:29 Siege Ram
51:50 Champion
54:28 Leather Archer Armor
54:09 Bodkin Arrow
Foul Sasquatch
5:51 Loom
11:59 Feudal Age
21:08 Castle Age
20:43 Fletching
24:38 Crossbowman
27:47 Double-Bit Axe
29:21 Horse Collar
30:53 Bodkin Arrow
35:00 Wheelbarrow
34:45 Heavy Plow
38:18 Imperial Age
36:28 Padded Archer Armor
36:30 Pikeman
37:25 Scale Mail Armor
38:30 Arbalester
40:30 Squires
40:42 Thumb Ring
41:00 Halberdier
43:24 Crop Rotation
43:04 Gold Mining
43:37 Hand Cart
44:41 Chemistry
44:28 Forging
45:32 Conscription
47:22 Elite Skirmisher
48:29 Bracer
48:46 Leather Archer Armor
48:47 Chain Mail Armor
48:40 Gambesons
52:59 Elite Varangian Guard
59:15 Ballistics
Nervous Pre-Adamite
5:06 Loom
11:20 Feudal Age
12:59 Wheelbarrow
12:28 Double-Bit Axe
12:26 Horse Collar
13:05 Gold Mining
19:11 Stone Mining
21:31 Castle Age
19:02 Man-at-Arms
20:20 Town Watch
21:19 Scale Mail Armor
21:31 Forging
23:06 Fletching
24:35 Long Swordsman
25:16 Squires
25:34 Chain Mail Armor
27:15 Elite Skirmisher
28:34 Iron Casting
28:51 Bow Saw
30:04 Murder Holes
30:24 Clinker Construction
30:35 Heavy Plow
30:56 Pikeman
37:02 Scale Barding Armor
37:38 Town Patrol
37:58 Hand Cart
41:12 Ballistics
41:23 Fortified Wall
44:24 Imperial Age
42:15 Bodkin Arrow
43:47 Chain Barding Armor
45:39 Conscription
45:42 Comitatenses
46:41 Chemistry
45:53 Masonry
46:30 Gold Shaft Mining
45:45 Legionary
45:48 Halberdier
47:11 Husbandry
51:21 Guilds
53:16 Crop Rotation
52:16 Capped Ram
54:16 Ballistas
56:41 Blast Furnace
56:18 Architecture
55:53 Siege Engineers
57:28 Plate Barding Armor
57:08 Bloodlines
57:47 Elite Centurion
Connection lost

Rejoining the realm…

Still unreachable

The connection could not be restored.

Session expired

The server has moved on; the page needs a fresh start.